 Dungeon Crawl Stone Soup version 0.30.0-10-gfe55d96785 (webtiles) character file.

Game seed: 8212881000046813635

1438 Jackthecabe the Sneak (level 8, -2/45 HPs)
             Began as a Vine Stalker Brigand on May 16, 2023.
             Slain by a killer bee (5 damage)
             ... on level 6 of the Dungeon.
             The game lasted 00:09:10 (4912 turns).

Jackthecabe the Sneak (Vine Stalker Brigand)        Turns: 4912, Time: 00:09:10

Health: -2/45      AC:  6    Str: 14    XL:     8   Next: 74%
Magic:  0/9        EV: 11    Int: 11    God:
Gold:   326        SH:  5    Dex: 24    Spells: 7/7 levels left

rFire   + . .        a - +3 dagger (venom)
rCold   . . .        q - +0 buckler
rNeg    + . .        b - +2 robe of the Contumacious God {*Corrode rPois rN+}
rPois   +            (no helmet)
rElec   .            o - +1 cloak
rCorr   .            (no gloves)
SInv    .            (no boots)
Will    +....        (no amulet)
Stlth   ++++         F - ring of protection from fire
HPRegen 1.07/turn    D - +6 ring of dexterity
MPRegen 0.11/turn

%: corrode self (3%), guardian spirit
@: no status effects
A: fangs 3, regeneration 1, magic shield, antimagic bite, no potion heal 2
a: no special abilities


You were on level 6 of the Dungeon.
You visited 2 branches of the dungeon, and saw 8 of its levels.

You collected 326 gold pieces.


Innate Abilities, Weirdness & Mutations

You have razor-sharp teeth.
Your natural rate of healing is unusually fast.
When hurt, damage is shared between your health and your magic reserves.
Your bite disrupts and absorbs the magic of your enemies.
Potions cannot restore your health.


   Skills:
 * Level 6.3 Fighting
 * Level 6.2 Short Blades
 - Level 1.7 Throwing
 - Level 0.7 Dodging
 + Level 7.8 Stealth


You had 7 spell levels left.
You didn't know any spells.
Your spell library contained the following spells:

 Spells                   Type           Power      Damage    Failure   Level
 Apportation              Tloc           0%         N/A       43%         1
 Necrotise                Necr           0%         1d4       43%         1
 Summon Small Mammal      Summ           0%         N/A       43%         1
 Cigotuvi's Dreadful Rot  Necr/Pois/Air  0%         N/A       58%         2
 Call Canine Familiar     Summ           0%         N/A       82%         3
 Dazzling Flash           Conj/Hex       0%         N/A       82%         3
 Summon Guardian Golem    Hex/Summ       0%         N/A       82%         3
 Volatile Blastmotes      Fire/Tloc      0%         2d10      82%         3
 Anguish                  Hex/Necr       0%         N/A       99%         4
 Cause Fear               Hex            0%         N/A       99%         4
 Dispel Undead            Necr           0%         3d6       99%         4
 Iskenderun's Mystic Bla  Conj/Tloc      0%         2d3       99%         4
 Petrify                  Tmut/Erth      0%         N/A       99%         4
 Metabolic Englaciation   Hex/Ice        0%         N/A       100%        5
 Death Channel            Necr           0%         N/A       100%        6
 Starburst                Conj/Fire      0%         6d3       100%        6
 Statue Form              Tmut/Erth      0%         N/A       100%        6
 Enfeeble                 Hex            0%         N/A       100%        7

Inventory:

Hand Weapons
 a - a +3 dagger of venom (weapon)
 v - a +2 dagger of draining
Missiles
 d - 16 poisoned darts (quivered)
 e - 2 curare-tipped darts {=f}
Armour
 b - the +2 robe of the Contumacious God (worn) {*Corrode rPois rN+}
   (You found it on level 3 of the Dungeon)

   rPois:     It protects you from poison.
   rN:        It protects you from negative energy.
   *Corrode:  It may corrode you when you take damage.
 o - a +1 cloak (worn)
 q - a +0 buckler (worn)
 y - a +0 leather armour
Jewellery
 c - a ring of ice
 C - a ring of protection from cold
 D - a +6 ring of dexterity (right hand)
 F - a ring of protection from fire (left hand)
Wands
 u - a wand of roots (17)
 E - a wand of light (16)
Scrolls
 f - 4 scrolls of noise {unknown}
 g - 2 scrolls of poison {unknown}
 j - a scroll of butterflies {unknown}
 k - 4 scrolls of teleportation {unknown}
 l - 4 scrolls of enchant armour {unknown}
 m - 5 scrolls of blinking {unknown}
 n - 10 scrolls of identify {unknown}
 p - a scroll of amnesia {unknown}
 w - a scroll of fear {unknown}
 z - a scroll of enchant weapon {unknown}
 B - 2 scrolls of fog {unknown}
 J - a scroll of magic mapping {unknown}
 K - a scroll of brand weapon {unknown}
Potions
 h - 3 potions of mutation {unknown}
 i - a potion of might {unknown}
 r - 2 potions of invisibility {unknown}
 s - a potion of cancellation {unknown}
 t - 2 potions of heal wounds {unknown}
 x - a potion of ambrosia {unknown}
 A - a potion of degeneration {unknown}
 G - 3 potions of berserk rage {unknown}
 H - 2 potions of resistance {unknown}
 I - a potion of brilliance {unknown}
 L - 3 potions of curing {@q1}

Dungeon Overview and Level Annotations

Branches:
Dungeon (7/15)             Temple (1/1) D:4

Altars:
Ashenzari
Dithmenos
Elyvilon
Fedhas
Gozag
Kikubaaqudgha
Makhleb
Qazlal
Ru
Sif Muna
Trog
Vehumet
Zin
The Shining One

Shops:
D:1 (

Annotations:
D:5 exclusion: 2 doors

####...###.....
##....####.#.#.#
#.....# ##......
#.....###.#.#.#.
######...............
#..........##.#.#.#.#
#..........##........
#..y.......#.#.#.#.#.
#..y@................
#...yy.######.#.#.#.#
#.........รท###.......
#..........# #.#.#.#.
######..........#
#.......
#...........#####
#..#.#.# #...........#
#....... #...........#
#...#.#. #...........#
#.......


You could see 4 killer bees.


Message History

Your bite misses the killer bee.
The killer bee is moderately wounded.
The killer bee stings you. The killer bee stings you!
* * * LOW HITPOINT WARNING * * *
The killer bee stings you.
* * * LOW HITPOINT WARNING * * *
The killer bee barely misses you. The killer bee stings you.
* * * LOW HITPOINT WARNING * * *
You are poisoned.
The killer bee poisons you!
The killer bee stings you but does no damage. x2
The killer bee stings you.
* * * LOW HITPOINT WARNING * * *
Unknown command.
Okay, then.
Okay, then.
Okay, then.
Okay, then.
Unknown command.
Unknown command.
It was a potion of curing.
Your system rejects the healing.
You feel better.
The killer bee stings you but does no damage. x2
The killer bee stings you.
* * * LOW HITPOINT WARNING * * *
The killer bee stings you.
* * * LOW HITPOINT WARNING * * *
The killer bee barely misses you.
The killer bee stings you but does no damage.
The killer bee closely misses you. The killer bee stings you.
You die...

Skill      XL: |  1  2  3  4  5  6  7  8 |
---------------+-------------------------+-----
Fighting       | 2 3 4 5 6 |  6.3
Short Blades   | 2 3 4 5 6 |  6.2
Stealth        | 5 6 7 |  7.8
Throwing       | |  1.7
Dodging        | |  0.7

Action                     |  1- 3 |  4- 6 |  7- 9 || total
---------------------------+-------+-------+-------++-------
  Melee: Dagger            |    81 |    57 |    86 ||   224
         Bite              |    18 |    18 |    33 ||    69
         Punch             |     1 |       |       ||     1
  Throw: Dart              |     3 |     4 |     1 ||     8
  Evoke: Wand              |       |       |     1 ||     1
    Use: Potion            |       |       |     1 ||     1
   Stab: Sleeping          |    10 |     4 |     7 ||    21
         Distracted        |     1 |     1 |       ||     2
         Invisible         |       |       |     1 ||     1
 Armour: Robe              |    11 |    10 |    20 ||    41
         Leather armour    |     1 |       |       ||     1
  Dodge: Dodged            |    35 |    20 |    35 ||    90
  Block: Buckler           |     4 |     8 |    17 ||    29

Levels and vault maps discovered:
D:1:      roderic_lyre, layout_rooms, ebering_ecumenical_altar_rust,
          serial_shops, nicolae_shop_just_a_little_nook, minmay_tromino_v4_a
D:2:      layout_basic
D:3:      layout_loops_cross, kennysheep_generic_room_16
D:4:      layout_cave_pools, nicolae_qazlal_scattered_showers,
          minmay_temple_entry_statues_fountains, nicolae_hexahallways,
          uniq_blork_the_orc
D:5:      cheibrodos_two_vegetables, layout_loops_corners, tso_metal_star,
          kennysheep_mini, uniq_sigmund, uniq_ijyb
D:6:      layout_basic, general_overflow_altar, hex_large
D:7:      layout_rooms, grunt_temple_overflow_open
Temple:   hellmonk_temple_beads

Notes
Turn   | Place    | Note
-------+----------+-------------------------------------------
     0 | D:1      | Jackthecabe the Vine Stalker Brigand began the quest for
                  | the Orb.
     0 | D:1      | Reached XP level 1. HP: 11/11 MP: 2/2
   181 | D:1      | Found Ynny's Antique Weapon Shop.
   231 | D:1      | Reached skill level 2 in Fighting
   231 | D:1      | Reached skill level 2 in Short Blades
   331 | D:1      | Reached XP level 2. HP: 5/15 MP: 3/3
   335 | D:1      | HP: 1/15 [frozen (1)]
   337 | D:1      | Reached skill level 5 in Stealth
   557 | D:1      | Found a faded altar of an unknown god.
   895 | D:2      | Reached XP level 3. HP: 16/19 MP: 2/4
  2005 | D:3      | Gained mutation: Your natural rate of healing is unusually
                  | fast. [Vine Stalker growth]
  2005 | D:3      | Reached XP level 4. HP: 23/23 MP: 5/5
  2011 | D:3      | Identified the +2 robe of the Contumacious God {*Corrode
                  | rPois rN+}
  2083 | D:3      | Noticed a black bear
  2094 | D:3      | Killed a black bear
  2095 | D:3      | Reached skill level 3 in Fighting
  2095 | D:3      | Reached skill level 3 in Short Blades
  2095 | D:3      | Reached XP level 5. HP: 20/28 MP: 6/6
  2421 | D:4      | Found a stormy altar of Qazlal.
  2558 | D:4      | Reached XP level 6. HP: 31/33 MP: 5/7
  2652 | D:4      | Noticed Blork the orc
  2660 | D:4      | Reached skill level 6 in Stealth
  2665 | D:4      | Killed Blork the orc
  2666 | D:4      | Reached skill level 4 in Fighting
  2666 | D:4      | Reached skill level 4 in Short Blades
  2740 | D:4      | Found a staircase to the Ecumenical Temple.
  2755 | Temple   | Entered the Ecumenical Temple
  3151 | D:5      | Entered Level 5 of the Dungeon
  3256 | D:5      | Found a glowing golden altar of the Shining One.
  3291 | D:5      | Reached XP level 7. HP: 38/38 MP: 8/8
  3425 | D:5      | Found a blossoming altar of Fedhas.
  3539 | D:5      | Noticed Ijyb
  3546 | D:5      | Killed Ijyb
  3681 | D:5      | Noticed Sigmund
  3691 | D:5      | Killed Sigmund
  3692 | D:5      | Reached skill level 5 in Fighting
  3692 | D:5      | Reached skill level 5 in Short Blades
  3753 | D:5      | Reached skill level 7 in Stealth
  3753 | D:5      | Gained mutation: You have razor-sharp teeth. [Vine Stalker
                  | growth]
  3753 | D:5      | Reached XP level 8. HP: 27/43 MP: 9/9
  4382 | D:6      | Reached skill level 6 in Fighting
  4427 | D:6      | Reached skill level 6 in Short Blades
  4852 | D:6      | Found a shimmering blue altar of Sif Muna.
  4912 | D:6      | HP: 3/45 [killer bee (2)]
  4912 | D:6      | Slain by a killer bee

Vanquished Creatures
  Sigmund (D:5)
  A steam dragon (D:6)
  An orc warrior (D:5)
  A black bear (D:3)
  A centaur (D:5)
  A kobold brigand (D:6)
  Blork the orc (D:4)
  3 scorpions (D:5)
  A howler monkey (D:6)
  A jelly (D:5)
  4 hounds
  An orc priest (D:4)
  A sleepcap (D:5)
  2 orc wizards (D:5)
  Ijyb (D:5)
  3 iguanas
  3 gnolls (D:6)
  5 adders
  An ufetubus (D:4)
  3 dart slugs
  7 orcs
  6 endoplasms
  5 goblins
  7 hobgoblins
  5 jackals (D:2)
  15 kobolds
  3 quokkas
  4 ball pythons
  4 bats
  2 frilled lizards
  2 rats
96 creatures vanquished.

Table legend: (Time is in decaauts)
 A = Elapsed time spent in this place.
 B = Non-inter-level travel time spent in this place.
 C = Inter-level travel time spent in this place.
 D = Time resting spent in this place.
 E = Time spent auto-exploring this place.
 F = Levels seen in this place.
 G = Mean time per level.
                   A        B        C        D        E       F      G
               +--------+--------+--------+--------+--------+-----+--------+
         Total |   4893 |   4547 |    346 |      7 |   3675 |   8 |  611.6 |
       Dungeon |   4729 |   4454 |    275 |      7 |   3594 |   7 |  675.6 |
        Temple |    163 |     92 |     71 |      0 |     81 |   1 |  163.0 |
               +--------+--------+--------+--------+--------+-----+--------+

Top non-repeatable levels by time:
     D:5: 964 daAuts
     D:3: 867 daAuts
     D:1: 849 daAuts
     D:6: 790 daAuts
     D:2: 690 daAuts
     D:4: 561 daAuts
  Temple: 163 daAuts
     D:7: 4 daAuts

Table legend:
 A = Non-vault XP
 B = Vault XP
 C = Vault XP percentage of total XP
 D = Non-vault monster count
 E = Vault monster count
 F = Vault count percentage of total count
                 A         B        C        D         E       F
            +---------+---------+-------+---------+---------+-------
      Total |    1456 |     599 |  29.1 |      87 |       9 |   9.4
            +---------+---------+-------+---------+---------+-------
        D:1 |      19 |       5 |  20.8 |      10 |       2 |  16.7
        D:2 |      42 |       0 |   0.0 |      22 |       0 |   0.0
        D:3 |     203 |       2 |   1.0 |      11 |       1 |   8.3
        D:4 |     153 |      96 |  38.6 |      15 |       1 |   6.2
        D:5 |     533 |     496 |  48.2 |      12 |       5 |  29.4
        D:6 |     506 |       0 |   0.0 |      17 |       0 |   0.0
            +---------+---------+-------+---------+---------+-------
